 Dungeon Crawl Stone Soup version 0.19-a0-1803-g97ff39f (webtiles) character file.

2116 Naow the Cleaver (level 9, -1/71 HPs)
             Began as a Minotaur Berserker on Oct 5, 2016.
             Was a Priest of Trog.
             Slain by a centaur (6 damage)
             ... on level 7 of the Dungeon.
             The game lasted 00:08:50 (5053 turns).

Naow the Cleaver (Minotaur Berserker)               Turns: 5053, Time: 00:08:52

Health: -1/71      AC:  3    Str: 22    XL:     9   Next: 8%
Magic:  8/8        EV: 12    Int:  7    God:    Trog [***...]
Gold:   107        SH:  4    Dex: 10    Spells: 0 memorised, 8 levels left

rFire  . . .     SeeInvis .     a - +0 hand axe
rCold  . . .     Gourm    .     b - +0 animal skin
rNeg   . . .     Faith    .     (no shield)
rPois  .         Spirit   .     (helmet restricted)
rElec  .         Dismiss  .     r - +0 cloak
rCorr  .         Reflect  +     (no gloves)
MR     ++...     Harm     .     (no boots)
Stlth  +.........               C - +4 amulet of reflection
                                (no ring)
                                q - +4 ring of protection

@: exhausted, corroded, regenerating, slowed, very slow
A: retaliatory headbutt, horns 2
a: Berserk, Trog's Hand, Burn Spellbooks, Renounce Religion


You were on level 7 of the Dungeon.
You worshipped Trog.
Trog was most pleased with you.
You were near starving.

You visited 1 branch of the dungeon, and saw 7 of its levels.

You collected 382 gold pieces.
You spent 275 gold pieces at shops.

Inventory:

Hand Weapons
 a - a +0 hand axe (weapon)
Armour
 b - a +0 animal skin (worn)
 r - a +0 cloak (worn)
Jewellery
 f - a +5 ring of intelligence {unknown}
 q - a +4 ring of protection (left hand)
 u - an uncursed amulet of faith {unknown}
 C - a +4 amulet of reflection (around neck)
Wands
 x - a wand of polymorph (2/24)
Scrolls
 g - a scroll of fog {unknown}
 i - 3 scrolls of magic mapping {unknown}
 l - a scroll of fear {unknown}
 m - 3 scrolls of remove curse {unknown}
 s - 3 scrolls of teleportation {unknown}
 v - 6 scrolls of identify {unknown}
 y - a scroll of recharging {unknown}
 A - 3 scrolls of immolation {unknown}
Potions
 d - a potion of cancellation {unknown}
 e - 4 potions of curing {unknown}
 h - a potion of mutation {unknown}
 j - 3 potions of lignification {unknown}
 n - 2 potions of agility {unknown}
 o - a potion of heal wounds {unknown}
 p - 3 potions of brilliance {unknown}
 w - 2 potions of haste {unknown}
 B - 2 potions of cure mutation {unknown}
 E - 2 potions of degeneration {unknown}
 F - a potion of flight {unknown}
Comestibles
 c - 6 bread rations
 k - 5 fruits
 t - a royal jelly
 z - a meat ration


   Skills:
 - Level 3.8 Fighting
 + Level 13.9 Axes
 - Level 2.7 Armour
 - Level 2.1 Dodging


You had 8 spell levels left.
You didn't know any spells.

Dungeon Overview and Level Annotations

Branches:
Dungeon (7/15)
 Temple: D:4-7

Altars:
Cheibriados
Makhleb
Nemelex Xobeh
Uskayaw

Shops:
D:5 =


Innate Abilities, Weirdness & Mutations

You reflexively headbutt those who attack you in melee.
You have a pair of horns on your head.


Message History

You hit the centaur.
The centaur is severely wounded.
You hit the jelly.
Your hands burn!
* * * LOW HITPOINT WARNING * * *
You block the centaur's attack.
You hit the centaur but do no damage.
The centaur is severely wounded.
You hit the jelly.
Your hands burn!
* * * LOW HITPOINT WARNING * * *
The centaur hits you!
* * * LOW HITPOINT WARNING * * *
The jelly hits you but does no damage. The centaur hits you.
* * * LOW HITPOINT WARNING * * *
You hit the centaur. Your headbutt misses the centaur.
The centaur is severely wounded.
You hit the jelly.
You kill the jelly!
Trog accepts your kill. The centaur hits you.
You die...

## #..#.##.# ..>
#.#..##.########
##.##.##.##.##.....#
............##.....#
.........(.........#
........(.####....<#
##........# #.....#
.<......(.# #######
###....@..#
#....c..# #.##..#.#
#. ..(##.# # ....#
#.. .#...# #.#
#.###.# .(. . ##. ##


You could see a centaur.

Vanquished Creatures
  A hippogriff (D:6)
  Sigmund (D:4)
  Edmund (D:4)
  An orc warrior (D:6)
  An ice beast (D:4)
  A sky beast (D:5)
  3 ogres
  A big kobold (D:6)
  A bullfrog (D:6)
  A scorpion (D:6)
  A centaur zombie (D:7)
  A crimson imp (D:6)
  A bullfrog zombie (D:6)
  4 orc priests
  Crazy Yiuf (D:2)
  A hound (D:6)
  2 jellies
  4 orc wizards
  4 worker ants
  A killer bee zombie (D:5)
  A hound zombie (D:5)
  10 adders
  11 gnolls
  3 oozes
  An adder skeleton (D:4)
  10 worms
  3 dart slugs (D:1)
  2 leopard geckos
  21 orcs
  A giant cockroach (D:4)
  9 hobgoblins
  6 jackals
  3 quokkas
  4 bats
  4 frilled lizards
  5 goblins
  12 kobolds
  8 rats
146 creatures vanquished.

Notes
Turn   | Place    | Note
-------+----------+-------------------------------------------
     0 | D:1      | Naow the Minotaur Berserker began the quest for the Orb.
     0 | D:1      | Reached XP level 1. HP: 19/19 MP: 0/0
   163 | D:1      | Reached skill level 4 in Axes
   164 | D:1      | Reached XP level 2. HP: 16/27 MP: 1/1
   359 | D:1      | Reached XP level 3. HP: 19/33 MP: 2/2
   642 | D:1      | Reached ** piety under Trog
   642 | D:1      | Reached skill level 5 in Axes
   893 | D:2      | Found a faded altar of an unknown god.
   921 | D:2      | Reached XP level 4. HP: 29/40 MP: 3/3
  1162 | D:2      | Reached skill level 6 in Axes
  1348 | D:2      | Found a runed door.
  1460 | D:2      | Noticed Crazy Yiuf
  1464 | D:2      | Killed Crazy Yiuf
  1464 | D:2      | Reached XP level 5. HP: 46/46 MP: 4/4
  1656 | D:3      | Reached skill level 7 in Axes
  2290 | D:4      | Noticed an ice beast
  2299 | D:4      | Killed an ice beast
  2299 | D:4      | Reached skill level 8 in Axes
  2299 | D:4      | Reached XP level 6. HP: 31/52 MP: 5/5
  2433 | D:4      | Noticed Sigmund
  2444 | D:4      | Killed Sigmund
  2444 | D:4      | Reached skill level 9 in Axes
  2483 | D:4      | Found a sparkling altar of Nemelex Xobeh.
  2508 | D:4      | Reached *** piety under Trog
  2589 | D:4      | Reached XP level 7. HP: 40/58 MP: 6/6
  2615 | D:4      | Noticed Edmund
  2626 | D:4      | Killed Edmund
  2626 | D:4      | Reached skill level 10 in Axes
  3184 | D:5      | Entered Level 5 of the Dungeon
  3197 | D:5      | Reached skill level 11 in Axes
  3243 | D:5      | Found a burning altar of Makhleb.
  3254 | D:5      | Found a hide-covered altar of Uskayaw.
  3522 | D:5      | Found a snail-covered altar of Cheibriados.
  3601 | D:5      | Reached XP level 8. HP: 66/66 MP: 7/7
  4030 | D:5      | Found Ludule's Jewellery Shoppe.
  4037 | D:5      | Bought a +4 amulet of reflection for 275 gold pieces
  4123 | D:6      | Reached skill level 12 in Axes
  4325 | D:6      | Reached skill level 13 in Axes
  4496 | D:6      | Noticed a hippogriff
  4508 | D:6      | Killed a hippogriff
  4689 | D:6      | Reached XP level 9. HP: 68/71 MP: 8/8
  5053 | D:7      | Slain by a centaur

Vault maps used:
D:1:      minmay_arrival_cross, grunt_decor_mini_mirrors
D:2:      ecumenical_altar_1, uniq_crazy_yiuf_cottage
D:3:      first_bread
D:4:      nemelex_lonely_heart_becter, uniq_sigmund, uniq_edmund
D:5:      kennysheep_mini, grunt_temple_overflow_open, serial_shops,
          nicolae_shop_competitors_out_of_business
D:7:      serial_shops, shop_coins, hangedman_decor_clover_reticule,
          minmay_misc_feat_alley

Skill      XL: |  1  2  3  4  5  6  7  8 |
---------------+-------------------------+-----
Axes           | 4 5 6 8 9 11 13 | 13.9
Fighting       | |  3.8
Armour         | |  2.7
Dodging        | |  2.1

Action                   |  1- 3 |  4- 6 |  7- 9 || total
-------------------------+-------+-------+-------++-------
Melee: Hand axe          |    63 |   110 |   245 ||   418
       Headbutt          |    13 |    24 |    60 ||    97
Invok: Berserk           |     1 |     2 |     7 ||    10
       Trog's Hand       |       |     1 |     5 ||     6
 Stab: Sleeping          |       |     1 |       ||     1
  Eat: Chunk             |     1 |     8 |    14 ||    23
       Fruit             |       |       |     1 ||     1
Armor: Animal skin       |    16 |    17 |    49 ||    82
Dodge: Dodged            |    38 |    62 |   101 ||   201
Block: Other             |       |       |    25 ||    25
       Reflection        |       |       |     4 ||     4
